Unix NetHack Version 5.0.0-0 post-release - last build May  4 2026 22:22:43 (774f63e81ad911689b3a0859ea89b322d5daca8d,branch:main).

Game began 2026-05-05 22:58:22, ended 2026-05-05 23:10:33.

BeardyHaddock, chaotic male elven Wizard

                  ---------
   ----------- ###.......`.                              -----------
   |.........| #  |......>|          -----------         .......{..|
   |.........| #  |........          |.........|         |.........|
   |.........| #  --.------          |.........|        #......%....#
   |.....rf%.|##    #                |.........|     ####|.........|#
   |.....r@..|#     #                -----|-.-.-     #   -----------#
   --.--------#     #                     ######     #              #
     #        #     #                      #####     #              #
     ###     ##     #                     #####     ##              #
       #    ##     -.----        ###############   ##               #
       #  ###      |...{|       -.------      #    #                #
       #  #        |....|       |......|      #    #                #
    ---|- #        |....| ######.......|     -|--+-#                #------
    |...|##        |....-##     |....(.|     |....|#                #|....|
    |..*.#         ------       |.....[|     |....|#                #|<...|
    |..*|                       --------     |....-#                #.....|
    -----                                    ------                  ------

BeardyHaddock the Conjurer  St:12 Dx:9 Co:14 In:20 Wi:13 Ch:8  Chaotic
Dlvl:4  $:372 HP:0(24) Pw:28(49) AC:6  Xp:4 T:1716 

Latest messages:
 The statue shatters.
 The kitten picks up a rock.
 The kitten drops a rock.
 You kill the grid bug!
 You swap places with your kitten.
 You swap places with your kitten.
 The wererat changes into a rat.
 You already found a monster.  Use 'm' prefix to force another search.
 You stop.  Your kitten is in the way!
 The wererat bites!
 You swap places with your kitten.
 The wererat bites!
 You miss the wererat.
 The wererat summons help!
 A sewer rat suddenly appears next to you!
 A sewer rat suddenly appears next to you!
 A sewer rat suddenly appears next to you!
 A rabid rat suddenly appears next to you!
 The wererat bites!
 You feel feverish.
 The kitten misses the sewer rat.
 In what direction? 8
 The spell misses the sewer rat.
 The rabid rat misses!
 The sewer rat bites!
 The sewer rat bites!
 The sewer rat bites!
 The wererat bites!
 The kitten misses the sewer rat.
 In what direction? 6
 The spell hits the rabid rat!
 You kill the rabid rat!
 The sewer rat bites!
 The sewer rat bites!
 The sewer rat bites!
 The wererat changes into a human.
 The wererat hits!
 The kitten bites the sewer rat.
 The sewer rat is killed!
 Your kitten eats a sewer rat corpse.
 In what direction? 9
 The spell hits the wererat!
 You kill the wererat!
 The sewer rat bites!
 You die...
 Do you want your possessions identified? [ynq] (y) n
 Do you want to see your attributes? [ynq] (y) n
 Do you want an account of creatures vanquished? [ynaq] (y) n
 Do you want to see your conduct and achievements? [ynq] (y) n
 Do you want to see the dungeon overview? [ynq] (y) n

Inventory:
 Coins    ('$')
  $ - 372 gold pieces
 Weapons  (')')
  a - a blessed +3 quarterstaff (weapon in hands)
 Armor    ('[')
  H - an uncursed +0 pair of elven boots (being worn)
  D - an uncursed +0 pair of high boots
  b - an uncursed +2 cloak of magic resistance (being worn)
  C - an uncursed +0 elven mithril-coat
 Comestibles  ('%')
  F - an uncursed slime mold
  q - an uncursed apple
  w - 2 uncursed food rations
  A - an uncursed food ration
  E - an uncursed pancake
 Scrolls  ('?')
  I - an uncursed scroll of create monster
 Spellbooks  ('+')
  p - an uncursed spellbook of turn undead
 Potions  ('!')
  h - an uncursed potion of enlightenment
  f - an uncursed potion of gain energy
 Rings    ('=')
  d - an uncursed ring of cold resistance
  e - an uncursed +1 ring of increase damage
 Tools    ('(')
  o - an uncursed wooden flute
  n - a magic marker (0:20)
  z - an uncursed mirror
  G - an uncursed oil lamp

BeardyHaddock the Wizard's attributes:

Background:
 You were a Conjurer, a level 4 male elven Wizard.
 You were chaotic, nominally on a mission for Anhur
 who was opposed by Ptah (lawful) and Thoth (neutral).
 You were right-handed.
 You were in the Dungeons of Doom, on level 4.
 You entered the dungeon 1716 turns ago.
 It was nighttime.
 You had 149 experience points, 11 more were needed to attain level 5.

Basics:
 You had 0 out of 24 hit points.
 You had 28 out of 49 energy points (spell power).
 Your armor class was 6.
 Your wallet contained 372 zorkmids.
 Autopickup was off.

Final Characteristics:
 Your strength was 12 (limit:18).
 Your dexterity was 9 (limit:18).
 Your constitution was 14 (limit:16).
 Your intelligence was 20 (limit:20).
 Your wisdom was 13 (limit:20).
 Your charisma was 8 (limit:18).

Final Status:
 You weren't hungry.
 You were unencumbered.
 You were wielding a quarterstaff.
 You had basic skill with quarterstaff.

Final Attributes:
 You were devoutly aligned.
 You were magic-protected.
 You were sleep resistant.
 You were level-drain resistant.
 You were telepathic.
 You had infravision.
 You were stealthy.
 You were warded.
 You were a wererat.
 You were harmed by silver.
 You are dead.

Miscellaneous:
 You didn't encounter any bones levels.
 Total elapsed playing time was 12 minutes and 11 seconds.

Major events:
 Turn
    1: BeardyHaddock the chaotic male elven Wizard entered the dungeon
  695: attained the rank of Conjurer (level 3)
  906: entered the Gnomish Mines
 1716: killed by a sewer rat

Spells:
 Name                 Level Category     Fail Retention
 force bolt             1   attack         0%  91%-100%
 detect monsters        1   divination     0%  76%-100%
 light                  1   divination     0%  76%-100%
 turn undead            6   clerical      98%  76%-100%

Skills:
 Fighting Skills
   bare handed combat [Unskilled]
   riding             [Unskilled]
 Weapon Skills
   dagger             [Unskilled]
   knife              [Unskilled]
   axe                [Unskilled]
   short sword        [Unskilled]
   club               [Unskilled]
   mace               [Unskilled]
   quarterstaff       [Basic]
   polearms           [Unskilled]
   spear              [Unskilled]
   trident            [Unskilled]
   sling              [Unskilled]
   dart               [Unskilled]
   shuriken           [Unskilled]
 Spellcasting Skills
   attack spells      [Basic]
   healing spells     [Unskilled]
   divination spells  [Unskilled]
   enchantment spells [Basic]
   clerical spells    [Unskilled]
   escape spells      [Unskilled]
   matter spells      [Unskilled]

Voluntary challenges:
 Character rerolling was not enabled.
 You were an atheist.
 You never genocided any monsters.
 You never polymorphed an object.
 You never changed form.
 You used no wishes.
Achievements:
 You entered a shop.
 You attained the rank of Conjurer.
 You entered the Gnomish Mines.

 The Dungeons of Doom: levels 1 to 4
    Level 1:
    Level 2:
       A general store, a fountain.
       Stairs down to The Gnomish Mines.
    Level 3:
    Level 4: <- You were here.
       Some fountains.
       Final resting place for
          you, killed by a sewer rat.
 The Gnomish Mines:
    Level 3:


Vanquished creatures:
  a rock piercer
  a giant ant
  2 floating eyes
  a rabid rat
  a wererat
  2 acid blobs
  a gas spore
  a hobbit
  2 large kobolds
  2 giant rats
  2 brown molds
  a yellow mold
  2 gnomes
  2 jackals
  a fox
  a kobold
  4 goblins
  5 sewer rats
  4 grid bugs
  a lichen
  3 newts
40 creatures vanquished.

No species were genocided or became extinct.

Game over:
                       ----------
                      /          \
                     /    REST    \
                    /      IN      \
                   /     PEACE      \
                  /                  \
                  |  BeardyHaddock   |
                  |      372 Au      |
                  |   killed by a    |
                  |    sewer rat     |
                  |                  |
                  |                  |
                  |       2026       |
                 *|     *  *  *      | *
        _________)/\\_//(\/(/\)/\//\/|_)_______

Goodbye BeardyHaddock the Wizard...

You died in The Dungeons of Doom on dungeon level 4 with 1081 points,
and 372 pieces of gold, after 1716 moves.
You were level 4 with a maximum of 24 hit points when you died.

